 Dungeon Crawl Stone Soup version 0.24.0-1-gfbc8707 (webtiles) character file.

Game seed: 1143243060068721828, levelgen mode: deterministic

1099 BleediousPenious the Poker (level 8, -12/62 HPs)
             Began as a Human Fighter on Jan 11, 2020.
             Killed by divine providence
             ... invoked by an orc priest
              (14 damage)
             ... on level 5 of the Dungeon.
             The game lasted 00:10:42 (4160 turns).

BleediousPenious the Poker (Human Fighter)          Turns: 4160, Time: 00:10:42

Health: -12/62     AC:  9    Str: 18    XL:     8   Next: 57%
Magic:  17/17      EV:  8    Int:  9    God:
Gold:   159        SH: 11    Dex: 13    Spells: 7/7 levels left

rFire    . . .     SeeInvis .   a - +0 trident
rCold    . . .     Gourm    .   c - +1 shield
rNeg     . . .     Faith    .   b - +0 scale mail
rPois    +         Spirit   .   p - +1 helmet
rElec    .         Reflect  .   q - scarf {cloud immunity}
rCorr    .         Harm     .   (no gloves)
MR       .....                  (no boots)
Stlth    ..........             g - amulet of regeneration
HPRegen  0.60/turn              i - ring of poison resistance
MPRegen  0.15/turn              h - ring of magical power

@: no status effects
A: no striking features
a: no special abilities


You were on level 5 of the Dungeon.
You were hungry.

You visited 1 branch of the dungeon, and saw 5 of its levels.

You collected 159 gold pieces.

Inventory:

Hand Weapons
 a - a +0 trident (weapon)
Armour
 b - a +0 scale mail (worn)
 c - a +1 shield (worn)
 p - a +1 helmet (worn)
 q - a scarf of cloud immunity (worn)
Jewellery
 g - an amulet of regeneration (around neck)
 h - a ring of magical power (right hand)
 i - a ring of poison resistance (left hand)
 s - an uncursed amulet of harm {unknown}
Scrolls
 d - a scroll of immolation {unknown}
 j - a scroll of amnesia {unknown}
 o - a scroll of blinking {unknown}
 r - a scroll of magic mapping
 u - a scroll of teleportation {unknown}
Potions
 e - a potion of degeneration {unknown}
 k - 4 potions of curing {unknown}
 l - a potion of invisibility {unknown}
 m - a potion of haste {unknown}
 n - 2 potions of heal wounds {unknown}
 t - a potion of lignification {unknown}
Comestibles
 f - 8 rations


   Skills:
 + Level 5.0 Fighting
 + Level 6.0 Polearms
 + Level 4.9 Armour
 + Level 1.9 Dodging
 + Level 1.3 Stealth
 + Level 5.1 Shields


You had 7 spell levels left.
You didn't know any spells.
Your spell library was empty.

Dungeon Overview and Level Annotations

Branches:
Dungeon (5/15)
 Temple: D:4-7

Altars:
Fedhas
Makhleb
Qazlal
Sif Muna
Wu Jian
Zin

Annotations:
D:4 exclusion: oklob plant


Message History

You barely miss the orc priest.
The orc priest is almost dead.
The orc priest mumbles some strange prayers to Beogh against you.
Beogh smites you! The orc hits you but does no damage.
You block the orc's attack.
An orc comes into view. It is wielding a +0 club.
You block the orc priest's attack.
Okay, then.
The orc priest miscasts a cantrip.
The orc priest calls down the wrath of Beogh upon you.
Beogh smites you!
The orc priest mumbles some strange prayers to Beogh against you.
Beogh smites you!
* * * LOW HITPOINT WARNING * * *
The orc priest invokes the aid of Beogh against you.
Beogh smites you!
* * * LOW HITPOINT WARNING * * *
The orc priest calls down the wrath of Beogh upon you.
Beogh smites you!
You die...

#.....#.##..#...............
#..###.oo...................
#..####..................<..
#..##....J..........<........
.............................
........o.###........##...[
.........o.#...............
..........)##)........#....
..........@)).)...##..#>#..
####.......#.#...####.###..
#####.###.#.#..#........
###..#...#............
#........####........#
#...............[.....
#.....................
#......#..............
#.....................


You could see an orc priest, an ooze and 3 orcs.

Vanquished Creatures
  Edmund (D:4)
  A phantom (D:5)
  3 ogres (D:4)
  A bullfrog (D:4)
  A howler monkey (D:4)
  A crimson imp (D:5)
  A jelly (D:5)
  2 orc wizards (D:4)
  2 orc priests (D:5)
  3 hounds
  2 iguanas (D:4)
  3 worker ants
  4 adders
  4 gnolls (D:5)
  2 oozes
  3 worms
  2 dart slugs
  A leopard gecko (D:2)
  6 orcs
  6 giant cockroaches
  8 goblins
  7 hobgoblins
  7 jackals
  A quokka (D:2)
  2 ball pythons
  7 bats
  4 frilled lizards
  3 kobolds
  7 rats
  2 fungi (D:4)
  A plant (D:4)
98 creatures vanquished.

Vanquished Creatures (others)
  A quokka (D:5)
1 creature vanquished.

Grand Total: 99 creatures vanquished

Notes
Turn   | Place    | Note
-------+----------+-------------------------------------------
     0 | D:1      | BleediousPenious the Human Fighter began the quest for the
                  | Orb.
     0 | D:1      | Reached XP level 1. HP: 18/18 MP: 1/1
    50 | D:1      | Reached XP level 2. HP: 21/24 MP: 2/2
   287 | D:1      | Reached XP level 3. HP: 21/29 MP: 3/3
  1024 | D:2      | Found a glowing silver altar of Zin.
  1221 | D:2      | Reached XP level 4. HP: 35/35 MP: 4/4
  1335 | D:2      | Found an ornate altar of the Wu Jian Council.
  1383 | D:2      | Found a burning altar of Makhleb.
  1738 | D:2      | Found a stormy altar of Qazlal.
  2158 | D:3      | Reached XP level 5. HP: 41/41 MP: 5/5
  2490 | D:4      | Found a shimmering blue altar of Sif Muna.
  2491 | D:4      | Noticed a bullfrog
  2503 | D:4      | Killed a bullfrog
  2503 | D:4      | Reached skill level 3 in Polearms
  2503 | D:4      | Reached skill level 1 in Dodging
  2587 | D:4      | Reached XP level 6. HP: 39/48 MP: 6/6
  2651 | D:4      | Reached skill level 4 in Polearms
  2843 | D:4      | Noticed an ogre
  2891 | D:4      | Killed an ogre
  2891 | D:4      | Reached XP level 7. HP: 54/54 MP: 7/7
  3193 | D:4      | Found a blossoming altar of Fedhas.
  3213 | D:4      | Noticed an oklob plant
  3304 | D:4      | Noticed Edmund
  3308 | D:4      | Killed Edmund
  3308 | D:4      | Reached skill level 5 in Polearms
  3444 | D:5      | Entered Level 5 of the Dungeon
  3533 | D:5      | Reached XP level 8. HP: 42/61 MP: 8/8
  3729 | D:4      | HP: 3/61 [howler monkey (5)]
  3974 | D:4      | Reached skill level 1 in Stealth
  4011 | D:5      | Reached skill level 5 in Shields
  4051 | D:5      | Reached skill level 5 in Fighting
  4084 | D:5      | Reached skill level 6 in Polearms
  4159 | D:5      | HP: 1/62 [orc priest/divine providence (10)]
  4160 | D:5      | Killed from afar by an orc priest

Levels and vault maps discovered:
D:1:      minmay_arrival_glassed_features, layout_basic, serial_park_tiny_pond
D:2:      cheibrodos_old_hovel, layout_basic, old_standard_altar,
          lemuel_coloured_pillars_altar, nicolae_overflow_hidden_temple,
          first_ration
D:3:      layout_basic
D:4:      layout_loops_cross, tgw_fedhas, old_standard_altar, uniq_edmund
D:5:      layout_cave_pools, elyvilon_altar_4,
          minmay_temple_entry_drinking_statues, ebering_ghost_sewer_d,
          serial_shops, kennysheep_mini_moat

Skill      XL: |  1  2  3  4  5  6  7  8 |
---------------+-------------------------+-----
Polearms       | 3 4 5 6 |  6.0
Armour         | 4 |  4.9
Dodging        | 1 |  1.9
Fighting       | 4 5 |  5.0
Shields        | 4 5 |  5.1
Stealth        | 1 |  1.3

Action                   |  1- 3 |  4- 6 |  7- 9 || total
-------------------------+-------+-------+-------++-------
Melee: Trident           |   115 |   170 |   194 ||   479
  Use: Scroll            |     1 |     4 |       ||     5
       Potion            |       |       |     1 ||     1
  Eat: Chunk             |     1 |     6 |       ||     7
       Ration            |       |       |     1 ||     1
Armor: Scale mail        |    49 |    48 |    56 ||   153
Dodge: Dodged            |    25 |    35 |    48 ||   108
Block: Shield            |    37 |    81 |    72 ||   190
